 Dungeon Crawl Stone Soup version 0.23.2-1-ga50397a (webtiles) character file.

Game seed: 714116529243136622

224 Iscandelvey the Bolt Thrower (level 5, 38/38 HPs)
             Began as a Demonspawn Arcane Marksman on Apr 17, 2019.
             Quit the game on level 3 of the Dungeon.
             The game lasted 00:01:54 (1872 turns).

Iscandelvey the Bolt Thrower (DsAM)                 Turns: 1872, Time: 00:01:55

Health: 38/38      AC:  4    Str: 11    XL:     5   Next: 67%
Magic:  6/6        EV: 13    Int: 15    God:
Gold:   163        SH:  0    Dex: 13    Spells: 5/6 levels left

rFire    . . .     SeeInvis .   a - +0 hand crossbow
rCold    . . .     Gourm    .   (no shield)
rNeg     . . .     Faith    .   e - +0 robe
rPois    .         Spirit   .   (helmet restricted)
rElec    .         Reflect  .   (no cloak)
rCorr    .         Harm     +   (no gloves)
MR       .....                  (no boots)
Stlth    ++........             n - amulet of harm
HPRegen  0.12/turn              j - +1 ring of evasion
MPRegen  0.10/turn              (no ring)

@: no status effects
A: antennae 1, icy blue scales 1, demonic guardian 1, nightstalker 1
a: no special abilities


You were on level 3 of the Dungeon.
You were hungry.

You visited 1 branch of the dungeon, and saw 3 of its levels.

You collected 163 gold pieces.

Inventory:

Hand Weapons
 a - a +0 hand crossbow (weapon)
Missiles
 d - 9 bolts (quivered)
Armour
 e - a +0 robe (worn)
Jewellery
 j - a +1 ring of evasion (left hand)
 n - an amulet of harm (around neck)
 q - an uncursed ring of fire
Scrolls
 b - a scroll of teleportation {unknown}
 c - 2 scrolls of identify {unknown}
 g - a scroll of fog {unknown}
 l - a scroll of remove curse {unknown}
 o - 2 scrolls of enchant armour {unknown}
 r - a scroll of immolation {unknown}
Potions
 h - a potion of agility {unknown}
 i - a potion of heal wounds {unknown}
 k - a potion of curing {unknown}
 m - a potion of flight {unknown}
 p - 2 potions of lignification {unknown}
Comestibles
 f - 3 rations


   Skills:
 + Level 2.0 Fighting
 + Level 4.7 Crossbows
 + Level 2.2 Dodging
 + Level 0.5 Stealth
 + Level 1.0 Spellcasting
 + Level 3.2 Hexes


You had 5 spell levels left.
You knew the following spells:

 Your Spells              Type           Power        Failure   Level  Hunger
a - Corona                Hex            ##.....      6%          1    ##.....

Your spell library contained the following spells:

 Spells                   Type           Power        Failure   Level  Hunger
 Slow                     Hex            ##......     10%         2    ###....
 Inner Flame              Hex/Fire       #.......     36%         3    ####...
 Portal Projectile        Hex/Tloc       #.....       36%         3    ####...
 Cause Fear               Hex            ##........   54%         4    #####..
 Leda's Liquefaction      Hex/Erth       #.........   77%         4    #####..


Dungeon Overview and Level Annotations

Branches:
Dungeon (3/15)

Altars:


Innate Abilities, Weirdness & Mutations

You have a pair of small antennae on your head.
You are partially covered in icy blue scales. (AC +2)
A weak demonic guardian rushes to your aid.
You are slightly more attuned to the shadows.


Message History

The sky beast is moderately wounded.
The sky beast barely misses you.
A sky beast is nearby!
Firing (i - inventory)
d - 7 bolts (quivered)
Press: ? - help, Shift-Dir - straight line, f/p - sky beast
Aim: a sky beast (moderately wounded)
You shoot a bolt. The bolt hits the sky beast!
The sky beast is severely wounded.
The sky beast misses you.
Firing (i - inventory)
d - 6 bolts (quivered)
Press: ? - help, Shift-Dir - straight line, f/p - sky beast
Aim: a sky beast (severely wounded)
You shoot a bolt. The bolt hits the sky beast!
You kill the sky beast!
Your Fighting skill increases to level 2!
You have reached level 5!
Your demonic ancestry asserts itself...
You feel the presence of a demonic guardian.
d - 9 bolts (gained 4) Are you sure you want to abandon this character and quit the game? (Confirm with "yes".)

.≈≈≈≈..(......#.#..#.
#.....!.≈≈≈≈.#.#.#.>#.
#.≈≈≈≈≈.≈≈≈≈...#.#..#.
#.≈≈≈≈≈.≈≈≈≈...#.#....
#%≈≈≈≈≈.≈≈≈≈.#.#.##.#.
#.≈≈≈≈≈.≈≈≈≈.#.#......
#......†.....#.####..#
#.......###.#.# #...
#...@...# #.#.####...
#..(.?..# #..........
#.[....?# ###........
#(......# #######..
+......... .......)
#(......### ########
#.......#


There were no monsters in sight!

Vanquished Creatures
  A sky beast (D:3)
  An orc wizard (D:3)
  Jessica (D:2)
  2 adders (D:2)
  An ooze (D:2)
  A worm (D:2)
  2 leopard geckos
  3 orcs (D:3)
  2 ball pythons
  8 bats
  3 giant cockroaches (D:1)
  4 goblins
  7 hobgoblins
  5 kobolds
  A frilled lizard (D:3)
  5 rats (D:2)
47 creatures vanquished.

Notes
Turn   | Place    | Note
-------+----------+-------------------------------------------
     0 | D:1      | Iscandelvey the Demonspawn Arcane Marksman began the quest
                  | for the Orb.
     0 | D:1      | Reached XP level 1. HP: 15/15 MP: 2/2
   220 | D:1      | Reached skill level 2 in Crossbows
   229 | D:1      | Gained mutation: You are slightly more attuned to the
                  | shadows. [demonic ancestry]
   229 | D:1      | Reached XP level 2. HP: 21/21 MP: 3/3
   914 | D:2      | Gained mutation: You have a pair of small antennae on your
                  | head. [demonic ancestry]
   914 | D:2      | Reached XP level 3. HP: 26/26 MP: 4/4
  1158 | D:2      | Reached skill level 3 in Crossbows
  1369 | D:2      | Noticed Jessica
  1371 | D:2      | Killed Jessica
  1371 | D:2      | Gained mutation: You are partially covered in icy blue
                  | scales. (AC +2) [demonic ancestry]
  1371 | D:2      | Reached XP level 4. HP: 32/32 MP: 5/5
  1811 | D:3      | Reached skill level 4 in Crossbows
  1859 | D:3      | Noticed a sky beast
  1868 | D:3      | Killed a sky beast
  1868 | D:3      | Gained mutation: A weak demonic guardian rushes to your
                  | aid. [demonic ancestry]
  1868 | D:3      | Reached XP level 5. HP: 38/38 MP: 6/6
  1872 | D:3      | Quit the game

Skill      XL: |  1  2  3  4 |
---------------+-------------+-----
Dodging        | 2 |  2.2
Crossbows      | 2 3 4 |  4.7
Fighting       | 2 |  2.0
Stealth        | |  0.5
Spellcasting   | |  1.0
Hexes          | |  3.2

Action                   |  1- 3 |  4- 6 || total
-------------------------+-------+-------++-------
 Fire: Hand crossbow     |   103 |    32 ||   135
  Eat: Chunk             |     1 |     1 ||     2
Armor: Robe              |    12 |     2 ||    14
Dodge: Dodged            |    35 |     7 ||    42
